 Dungeon Crawl Stone Soup version 0.29-a0-1052-g6990b1bffc (webtiles) character file.

Game seed: 3081072955313734780

29989 roflturtle the Devastator (level 13, -4/72 HPs)
             Began as a Tengu Fire Elementalist on Aug 16, 2022.
             Was a Believer of Vehumet.
             Slain by a blink frog (16 damage)
             ... on level 1 of the Lair of Beasts on Aug 17, 2022.
             The game lasted 01:28:36 (21228 turns).

roflturtle the Devastator (TeFE)                   Turns: 21228, Time: 01:28:36

Health: -4/72      AC:  4    Str:  9    XL:     13   Next: 48%
Magic:  23/25      EV: 19    Int: 26    God:    Vehumet [**....]
Gold:   1008       SH:  0    Dex: 15    Spells: 10/27 levels left

rFire   . . .      SeeInvis .   p - +2 quarterstaff (speed)
rCold   . . .      Faith    .   (shield currently unavailable)
rNeg    + . .      Spirit   .   K - +1 robe {rN+}
rPois   .          Reflect  .   (helmet restricted)
rElec   .          Harm     .   (no cloak)
rCorr   .          Rampage  .   i - +0 pair of gloves
Will    .....                   (boots unavailable)
Stlth   +++.......              (no amulet)
HPRegen 0.22/turn               B - +6 ring of intelligence
MPRegen 0.19/turn               y - ring of wizardry

@: flying quickly and evasively, quick
A: beak, talons 3, nimble flight
a: Renounce Religion


You were on level 1 of the Lair of Beasts.
You worshipped Vehumet.
Vehumet was pleased with you.
You visited 3 branches of the dungeon, and saw 14 of its levels.
You also visited: Sewer and Bailey.

You collected 1111 gold pieces.
You spent 103 gold pieces at shops.

Inventory:

Hand Weapons
 p - a +2 quarterstaff of speed (weapon)
Armour
 i - a +0 pair of gloves (worn)
 K - a +1 robe of positive energy (worn)
Jewellery
 l - a ring of poison resistance
 m - a ring of willpower
 y - a ring of wizardry (right hand)
 B - a +6 ring of intelligence (left hand)
Wands
 n - a wand of digging (8)
 v - a wand of flame (74)
 H - a wand of mindburst (19)
 I - a wand of iceblast (15)
Scrolls
 a - 2 scrolls of summoning {unknown}
 c - 4 scrolls of brand weapon
 f - 4 scrolls of teleportation
 g - a scroll of fear
 h - 4 scrolls of magic mapping
 k - a scroll of silence
 o - 2 scrolls of fog {unknown}
 q - a scroll of enchant weapon {unknown}
 u - 2 scrolls of enchant armour {unknown}
 z - 2 scrolls of vulnerability {unknown}
 D - a scroll of acquirement {unknown}
 E - 3 scrolls of blinking {unknown}
 L - 2 scrolls of noise {unknown}
 N - a scroll of immolation {unknown}
Potions
 b - 2 potions of magic
 d - 5 potions of cancellation
 e - 3 potions of attraction {unknown}
 r - a potion of might
 t - 7 potions of heal wounds
 w - a potion of resistance {unknown}
 x - 3 potions of invisibility
 A - 8 potions of haste
 J - a potion of degeneration {unknown}
 O - 2 potions of brilliance


   Skills:
 - Level 5.0 Fighting
 - Level 9.0 Dodging
 - Level 4.0 Stealth
 + Level 7.9 Spellcasting
 - Level 15.0 Conjurations
 - Level 5.0 Hexes
 - Level 12.0 Fire Magic
 - Level 5.2 Evocations


You had 10 spell levels left.
You knew the following spells:

 Your Spells              Type           Power      Damage    Failure   Level
a - Foxfire               Conj/Fire      100%       2x1d9     0%          1
b - Scorch                Fire           100%       2d10      1%          2
c - Inner Flame           Hex/Fire       53%        N/A       1%          3
d - Conjure Flame         Conj/Fire      69%        6-21      1%          3
e - Flame Wave            Conj/Fire      69%        2d16      1%          4
f - Sticky Flame          Conj/Fire      69%        2d8       1%          4

Your spell library contained the following spells:

 Spells                   Type           Power      Damage    Failure   Level
 Poisonous Vapours        Pois/Air       20%        N/A       3%          2
 Ignite Poison            Fire/Tmut/Pois 31%        N/A       1%          3
 Hailstorm                Conj/Ice       49%        3d11      1%          4
 Summon Small Mammal      Summ           40%        N/A       2%          1
 Summon Guardian Golem    Hex/Summ       23%        N/A       2%          3
 Orb of Destruction       Conj           36%        9d11      4%          7
 Call Canine Familiar     Summ           10%        N/A       7%          3
 Frozen Ramparts          Ice            20%        1d4       7%          3
 Gell's Gravitas          Tloc           10%        N/A       7%          3
 Lesser Beckoning         Tloc           10%        N/A       7%          3
 Teleport Other           Tloc           10%        N/A       7%          3
 Ice Form                 Ice/Tmut       10%        N/A       22%         4
 Summon Ice Beast         Ice/Summ       10%        N/A       22%         4
 Summon Mana Viper        Hex/Summ       23%        N/A       22%         5
 Summon Forest            Summ/Tloc      5%         N/A       52%         5
 Spellforged Servitor     Conj/Summ      24%        N/A       63%         7
 Dispersal                Tloc           5%         N/A       96%         6
 Simulacrum               Ice/Necr       5%         N/A       96%         6
 Summon Cactus Giant      Summ           5%         N/A       96%         6
 Disjunction              Tloc           5%         N/A       100%        8


Dungeon Overview and Level Annotations

Branches:
Dungeon (12/15)            Temple (1/1) D:4            Lair (1/5) D:11
  Sewer (visited)          Bailey (visited)
    Orc: D:9-12

Altars:
Ashenzari
Cheibriados
Dithmenos
Elyvilon
Fedhas
Gozag
Hepliaklqana
Kikubaaqudgha
Makhleb
Nemelex Xobeh
Okawaru
Qazlal
Ru
Sif Muna
Trog
Uskayaw
Vehumet
Wu Jian
Xom
Yredelemnul
Zin
The Shining One

Shops:
D:9 [   D:11 =(


Innate Abilities, Weirdness & Mutations

You have a beak for a mouth.
You have claws for feet.
Your magical nature lets you fly swiftly and evasively.


Message History

The blink frog is almost dead.
The blink frog hits you!
A yak comes into view.
A wave of flame ripples out!
The flame wave engulfs the blink frog!!
You kill the blink frog!
Vehumet accepts your kill.
The flame wave engulfs the water moccasin!
The water moccasin is heavily wounded.
The flame wave engulfs the blink frog!
The blink frog is heavily wounded.
The blink frog hits you.
A wave of flame ripples out!
The flame wave engulfs the blink frog!
The blink frog is severely wounded.
The flame wave engulfs the water moccasin!!
You kill the water moccasin!
Vehumet accepts your kill.
You feel your power returning.
The flame wave engulfs the blink frog!!
The blink frog is almost dead.
You finish channelling waves of flame.
The blink frog hits you!
The blink frog blinks!
A yak comes into view.
The blink frog hits you!
* * * LOW HITPOINT WARNING * * *
The blink frog misses you.
A basilisk comes into view.
The blink frog blinks!
Casting: Flame Wave (safe; 1% risk of failure)
Confirm with . or Enter, or press ? or * to list all spells.
Flames lash the blink frog.
You kill the blink frog!
Vehumet accepts your kill.
You feel your power returning.
The blink frog blinks! x2
The blink frog blinks!
The blink frog blinks!
The yak snorts and paws the ground.
The blink frog hits you!
* * * LOW HITPOINT WARNING * * *
The blink frog attacks as you move away!
The blink frog completely misses you. The blink frog hits you!
You die...

### #### ###.###..# ##
##.......## ###P#######
#........#
#.........####.......#
#.........##.@FY.....#
#.........'..#....Y..# .
#..........###.......####
.. #.........##
#.....Y..†.## ...
#>........#
#.......#...#....
#.........#
#........###.†...Y
#.........# ##.......#
##†.... #.........#
#.......# #.###
####'###### ##.###### ##


You could see 3 yaks and a blink frog.

Vanquished Creatures
  Gastronok (D:10)
  Harold (D:9)
  A hydra (Lair:1)
  Erolcha (D:9)
  4 two-headed ogres
  Joseph (D:10)
  Maggie (D:10)
  A kobold demonologist (D:11)
  A komodo dragon (D:10)
  3 trolls
  2 hornets
  Grinder (Sewer)
  2 blink frogs (Lair:1)
  A tyrant leech (D:10)
  15 yaks
  3 shadows
  A wraith (D:9)
  2 vampires (D:10)
  Eustachio (D:5)
  3 steam dragons
  5 vampire mosquitoes (D:10)
  Grum (D:10)
  2 acid dragons
  3 wargs (D:11)
  3 ice beasts
  3 water moccasins
  A sky beast (D:7)
  2 black bears
  7 orc warriors
  2 wolves (D:10)
  An ogre (D:7)
  6 centaurs
  14 kobold brigands
  A phantom (D:6)
  3 necrophages
  6 bullfrogs
  2 gnoll sergeants (D:9)
  5 wights (D:8)
  5 killer bees (D:5)
  A howler monkey (D:8)
  7 electric eels
  3 jellies
  A quasit (Sewer)
  A hound (D:4)
  7 orc priests
  Ijyb (D:3)
  6 iguanas
  9 orc wizards
  6 adders
  27 gnolls
  2 river rats (D:4)
  6 shadow imps
  3 white imps
  6 ufetubi (Sewer)
  A worm (D:2)
  3 dart slugs
  47 orcs
  A bat zombie (Sewer)
  3 endoplasms
  5 giant cockroaches
  46 goblins
  24 hobgoblins
  2 jackals (D:2)
  47 kobolds
  5 quokkas
  7 ball pythons
  5 bats
  2 frilled lizards (D:1)
  A giant cockroach zombie (Sewer)
  2 kobold zombies (Sewer)
  6 rats
411 creatures vanquished.

Vanquished Creatures (others)
  An adder zombie (Sewer)
  1488 foxfires
  A fungus (Lair:1)
  A plant (D:11)
1491 creatures vanquished.

Grand Total: 1902 creatures vanquished

Notes
Turn   | Place    | Note
-------+----------+-------------------------------------------
     0 | D:1      | roflturtle the Tengu Fire Elementalist began the quest for
                  | the Orb.
     0 | D:1      | Reached XP level 1. HP: 10/10 MP: 4/4
    80 | D:1      | Found a faded altar of an unknown god.
   235 | D:1      | Reached skill level 2 in Conjurations
   371 | D:1      | Reached XP level 2. HP: 15/15 MP: 3/6
   404 | D:1      | Reached skill level 3 in Conjurations
   500 | D:1      | Reached XP level 3. HP: 19/19 MP: 1/7
  1567 | D:2      | HP: 1/28 [poisoned by an adder]
  1867 | D:2      | Learned a level 2 spell: Scorch
  1871 | D:2      | Learned a level 3 spell: Inner Flame
  1949 | D:2      | Reached XP level 4. HP: 16/24 MP: 9/9
  2887 | D:3      | Noticed Ijyb
  2901 | D:3      | Killed Ijyb
  2902 | D:3      | Reached skill level 1 in Hexes
  3146 | D:3      | Found a bloodstained altar of Trog.
  3198 | D:3      | Gained mutation: Your magical nature lets you fly swiftly
                  | and evasively. [Tengu growth]
  3198 | D:3      | Reached XP level 5. HP: 24/28 MP: 5/10
  3632 | D:3      | Reached skill level 4 in Conjurations
  4093 | D:4      | Found a glowing drain.
  4133 | D:4      | Reached XP level 6. HP: 7/32 MP: 1/11
  4305 | Sewer    | Entered a sewer
  4670 | Sewer    | Reached skill level 5 in Fire Magic
  4711 | Sewer    | Found a burning altar of Makhleb.
  4724 | Sewer    | Reached skill level 5 in Conjurations
  4857 | Sewer    | Reached XP level 7. HP: 16/36 MP: 0/12
  5065 | Sewer    | Noticed Grinder
  5079 | Sewer    | Paralysed by Grinder for 5 turns
  5086 | Sewer    | Killed Grinder
  6027 | D:4      | Found an ancient bone altar of Kikubaaqudgha.
  6302 | D:4      | Found a staircase to the Ecumenical Temple.
  6319 | Temple   | Entered the Ecumenical Temple
  6319 | Temple   | Found a transporter.
  6319 | Temple   | Found a transporter.
  6324 | Temple   | Learned a level 3 spell: Conjure Flame
  6325 | Temple   | Found a transporter.
  6325 | Temple   | Found a transporter.
  6583 | D:5      | Entered Level 5 of the Dungeon
  6819 | D:5      | Reached XP level 8. HP: 46/46 MP: 7/13
  6903 | D:5      | Reached skill level 6 in Conjurations
  6992 | D:5      | Noticed Eustachio
  7001 | D:5      | Reached skill level 7 in Conjurations
  7004 | D:5      | Killed Eustachio
  7900 | D:5      | Found a stormy altar of Qazlal.
  8187 | D:6      | Reached XP level 9. HP: 42/51 MP: 0/14
  8290 | D:6      | Identified the +5 plate armour of Generosity {Dex+3}
  8676 | D:6      | Reached skill level 5 in Fighting
  8757 | D:6      | Found a shimmering blue altar of Sif Muna.
  8980 | D:6      | Learned a level 4 spell: Flame Wave
 11098 | D:7      | Reached XP level 10. HP: 51/59 MP: 1/18
 11120 | D:7      | Reached skill level 5 in Spellcasting
 11254 | D:7      | Reached skill level 8 in Conjurations
 11474 | D:7      | Reached skill level 9 in Conjurations
 12163 | D:8      | Found a flagged portal.
 12176 | Bailey   | Entered a bailey
 13527 | D:8      | Found a shadowy altar of Dithmenos.
 13888 | D:8      | Reached skill level 5 in Hexes
 14973 | D:9      | Found Umnirisa's Antique Armour Shoppe.
 14979 | D:9      | Bought a glowing robe for 103 gold pieces
 15042 | D:9      | Noticed Harold
 15048 | D:9      | Killed Harold
 15049 | D:9      | Reached skill level 10 in Fire Magic
 15049 | D:9      | Reached XP level 11. HP: 31/63 MP: 7/19
 15215 | D:9      | Noticed Erolcha
 16189 | D:9      | Learned a level 4 spell: Sticky Flame
 16206 | D:9      | Killed Erolcha
 16656 | D:10     | Entered Level 10 of the Dungeon
 16695 | D:10     | Found a radiant altar of Vehumet.
 16974 | D:10     | Became a worshipper of Vehumet
 16985 | D:10     | Found a hide-covered altar of Uskayaw.
 16986 | D:10     | Upgraded the game from 0.29-a0-1047-g7c58e119a4 to
                  | 0.29-a0-1052-g6990b1bffc
 16991 | D:10     | Noticed Gastronok
 17004 | D:10     | Killed Gastronok
 17897 | D:10     | Noticed Maggie
 17908 | D:10     | Killed Maggie
 17996 | D:10     | Noticed Joseph
 18004 | D:10     | Killed Joseph
 18005 | D:10     | Reached skill level 10 in Conjurations
 18214 | D:10     | Reached skill level 5 in Dodging
 18376 | D:10     | Noticed Grum
 18389 | D:10     | Killed Grum
 18631 | D:10     | Reached * piety under Vehumet
 18631 | D:10     | Offered knowledge of Freeze by Vehumet.
 18776 | D:10     | Found the +8 Vampire's Tooth {vamp}
 18818 | D:10     | Noticed a two-headed ogre
 18824 | D:10     | Killed a two-headed ogre
 18825 | D:10     | Reached XP level 12. HP: 68/68 MP: 14/23
 19130 | D:11     | Noticed a two-headed ogre
 19264 | D:10     | Reached skill level 5 in Evocations
 19540 | D:11     | Found a staircase to the Lair.
 19568 | Lair:1   | Entered Level 1 of the Lair of Beasts
 19578 | D:11     | Reached skill level 14 in Conjurations
 19578 | D:11     | Reached XP level 13. HP: 72/72 MP: 21/24
 19933 | D:11     | Reached skill level 15 in Conjurations
 20455 | D:11     | Found Vucetz's Weapon Emporium.
 20558 | D:11     | Found Hithreb's Jewellery Shoppe.
 20665 | D:11     | Reached ** piety under Vehumet
 20804 | D:11     | Offered knowledge of Poisonous Vapours by Vehumet.
 21228 | Lair:1   | Slain by a blink frog

Illustrated notes

Levels and vault maps discovered:
D:1:      lemuel_arrival_muddy, layout_loops_ring,
          chequers_ecumenical_altar_simple, corexii_corridor_pit, st_stairs_1
D:2:      layout_loops_ring, kennysheep_generic_room_12
D:3:      layout_rooms, trog_three_pillars_becter, uniq_ijyb
D:4:      layout_basic, mainiacjoe_overflow_small_starburst,
          minmay_temple_entry_offerings, portal_sewer_entry_c
D:5:      layout_cave_pods, kennysheep_mini_moat, serial_column_ruins,
          column_ruins_square_medium, column_ruins_grid_1,
          column_ruins_open_small, column_ruins_grid_2,
          column_ruins_corridor_corner, column_ruins_open_large,
          corexii_checkpoint_a, nicolae_figureground_sparkle, uniq_eustachio
D:6:      minmay_goblin_kobold_castle, layout_basic,
          nicolae_sif_muna_condensation, st_stairs_3, minmay_holes
D:7:      layout_rooms, kennysheep_dice
D:8:      layout_layer_cave, nicolae_overflow_crystal_walls, enter_bailey_3,
          chequers_serial_rivers_marsh, dk_vineyard_3, columned_hall_lemuel
D:9:      layout_stronghold, serial_shops, kennysheep_little_box, uniq_erolcha,
          uniq_harold
D:10:     layout_loops_corners, vehumet_altar_wand_db,
          mainiacjoe_overflow_boulevard, st_stairs_9,
          ebering_dispersal_statue_hall, minmay_guarded_unrand_vampires_tooth,
          uniq_gastronok, uniq_joseph, uniq_grum, uniq_maggie
D:11:     layout_roguey, erik_lair_orcish_takeover, serial_shops,
          nicolae_diamond_shop, nicolae_shop_bloodbath_and_beyond, special_room
          [special_room_kobold], chequers_serial_rivers_micro_b
D:12:     layout_basic, minmay_orc_entry_guard_dogs, uniq_rupert
Temple:   hellmonk_temple_divided_pantheon
Lair:1:   layout_roguey, gauntlet_entry_generic

Skill      XL: |  1  2  3  4  5  6  7  8  9 10 11 12 13 |
---------------+----------------------------------------+-----
Conjurations   | 2 3 4 5 7 9 10 14 15 | 15.0
Spellcasting   | 3 4 5 7 |  7.9
Hexes          | 2 5 |  5.0
Fire Magic     | 4 5 6 9 10 12 | 12.0
Dodging        | 3 4 7 9 |  9.0
Fighting       | 3 5 |  5.0
Stealth        | 4 |  4.0
Evocations     | 4 5 |  5.2

Action                   |  1- 3 |  4- 6 |  7- 9 | 10-12 | 13-15 || total
-------------------------+-------+-------+-------+-------+-------++-------
Melee: Unarmed           |     1 |       |       |       |       ||     1
       Short sword       |    18 |    41 |    47 |   108 |       ||   214
       Peck              |     3 |     6 |     5 |    20 |       ||    34
       Kick              |     2 |     8 |    14 |    47 |     1 ||    72
       Quarterstaff      |       |       |       |       |     3 ||     3
 Cast: Foxfire           |    57 |   141 |   264 |   316 |    69 ||   847
       Scorch            |       |     2 |    25 |    85 |    17 ||   129
       Inner Flame       |       |       |     1 |     9 |     4 ||    14
       Flame Wave        |       |       |     2 |     8 |     3 ||    13
       Conjure Flame     |       |       |     1 |     7 |     8 ||    16
       Sticky Flame      |       |       |       |       |     2 ||     2
Evoke: Wand              |       |       |       |       |     1 ||     1
  Use: Potion            |     3 |       |     2 |     4 |       ||     9
       Scroll            |       |     7 |       |     5 |     1 ||    13
 Stab: Sleeping          |     1 |     1 |     1 |     9 |       ||    12
Armor: Robe              |     1 |     7 |    20 |    10 |     3 ||    41
Dodge: Dodged            |    11 |    45 |    96 |   127 |    17 ||   296

Table legend: (Time is in decaauts)
 A = Elapsed time spent in this place.
 B = Non-inter-level travel time spent in this place.
 C = Inter-level travel time spent in this place.
 D = Time resting spent in this place.
 E = Time spent auto-exploring this place.
 F = Levels seen in this place.
 G = Mean time per level.
                   A        B        C        D        E       F      G
               +--------+--------+--------+--------+--------+-----+--------+
         Total |  20463 |  19506 |    957 |   4689 |  11471 |  16 | 1278.9 |
       Dungeon |  18132 |  17259 |    873 |   3777 |  10767 |  12 | 1511.0 |
        Temple |    102 |     19 |     83 |      0 |      4 |   1 |  102.0 |
          Lair |    168 |    168 |      0 |      0 |    104 |   1 |  168.0 |
         Sewer |   1368 |   1368 |      0 |    552 |    595 |   1 | 1368.0 |
        Bailey |    690 |    690 |      0 |    359 |      0 |   1 |  690.0 |
               +--------+--------+--------+--------+--------+-----+--------+

Top non-repeatable levels by time:
     D:6: 2654 daAuts
    D:10: 2509 daAuts
     D:8: 1932 daAuts
     D:9: 1908 daAuts
     D:2: 1651 daAuts
    D:11: 1557 daAuts
     D:5: 1427 daAuts
   Sewer: 1368 daAuts
     D:1: 1205 daAuts
     D:3: 1169 daAuts
     D:4: 1154 daAuts
     D:7: 960 daAuts
  Bailey: 690 daAuts
  Lair:1: 168 daAuts
  Temple: 102 daAuts
